 Dungeon Crawl Stone Soup version 0.18-a0-1121-gb454403 (webtiles) character file.

44 st0uf the Ruffian (level 3, -1/28 HPs)
             Began as a Draconian Transmuter on Jan 18, 2016.
             Killed from afar by an orc wizard (7 damage)
             ... with a magic dart
             ... on level 4 of the Dungeon.
             The game lasted 00:06:03 (877 turns).

st0uf the Ruffian (Draconian Transmuter)             Turns: 877, Time: 00:06:03

Health: -1/28      AC:  5    Str: 12    XL:     3   Next: 41%
Magic:  5/6        EV: 12    Int: 14    God:
Gold:   71         SH:  0    Dex: 11    Spells: 1 memorised, 5 levels left

rFire  . . .     SeeInvis .       - Unarmed
rCold  . . .     Gourm    .     (armour unavailable)
rNeg   . . .     Faith    .     (no shield)
rPois  .         Spirit   .     (helmet restricted)
rElec  .         Dismiss  .     (no cloak)
rCorr  .         Reflect  .     (no gloves)
SustAt .         Harm     .     (no boots)
MR     .....                    (no amulet)
Stlth  +.........               (no ring)
                                (no ring)

@: appendage (expiring), not resistant to hostile enchantments, very unstealthy
A: unfitting armour, horns 2, cold-blooded, AC +5
a: End Transformation


You were on level 4 of the Dungeon.
You were not hungry.
You had grown temporary horns.
You visited 1 branch of the dungeon, and saw 4 of its levels.

You collected 71 gold pieces.

Inventory:

Missiles
 a - 37 arrows
Jewellery
 l - an uncursed ring of positive energy {unknown}
Scrolls
 d - 3 scrolls of remove curse
 j - a scroll of enchant armour {unknown}
 k - a scroll of identify {unknown}
Potions
 e - a potion of cancellation {unknown}
 f - a potion of haste {unknown}
 h - 2 potions of curing {unknown}
 i - a potion of heal wounds {unknown}
Books
 b - a book of Changes

   Spells                             Type                      Level
   a - Beastly Appendage              Transmutation                1
   b - Sticks to Snakes               Transmutation                2
   c - Spider Form                    Transmutation/Poison         3
   d - Ice Form                       Ice/Transmutation            4
   e - Blade Hands                    Transmutation                5
Comestibles
 c - 2 bread rations
 g - 3 meat rations
 m - 4 chunks of flesh
 n - 3 fruits


   Skills:
 + Level 1.3 Fighting
 + Level 2.0 Dodging
 * Level 3.7 Unarmed Combat
 + Level 2.1 Spellcasting
 * Level 2.7 Transmutations


You had 5 spell levels left.
You knew the following spells:

 Your Spells              Type           Power        Failure   Level  Hunger
a - Beastly Appendage     Trmt           #.....       10%         1    ##.....


Dungeon Overview and Level Annotations

Branches:
Dungeon (4/15)
 Temple: D:4-7

Altars:


Innate Abilities, Weirdness & Mutations

Your plain brown scales are hard (AC +5).
Your body does not fit into most forms of armour.
You are cold-blooded and may be slowed by cold attacks.
You have a pair of horns on your head.


Message History

Casting: Beastly Appendage
Confirm with . or Enter, or press ? or * to list all spells.
You grow a pair of large bovine horns.
The hound skeleton completely misses you.
An orc wizard comes into view. It is wielding a dagger.
The orc wizard shouts!
You hit the hound skeleton.
Your headbutt misses the hound skeleton.
The hound skeleton bites you.
You completely miss the hound skeleton. The hound skeleton misses you.
You hit the hound skeleton.
Your transformation is almost over.
The hound skeleton bites you. The orc wizard casts a spell at you.
The magic dart hits you!
* * * LOW HITPOINT WARNING * * *
The hound skeleton bites you but does no damage.
The orc wizard gestures at you while chanting.
The magic dart hits you!
You die...

... #..## ..# #...###).#
#.#.# #.......o#####
#.#.# . ##..###......#
#.#.# .. #....ow≈≈≈..#
#.#<##.# ##.##.o≈=≈..##
#.#....# ##o≈≈≈...#
#.#..### #.Z....##
#.#..# #..@..## #...####
#...##..#######.......
....####.............###
#..# ##...##.......# #.#
###.##.......## #.
#.##..(.....## [
#.............
####.......### #.......#


You could see a worm, an orc wizard, 3 orcs and a hound skeleton.

Vanquished Creatures
  A hound skeleton (D:4)
  A worm (D:3)
  A giant gecko (D:1)
  An orc (D:4)
  2 bats (D:2)
  A giant cockroach (D:1)
  3 hobgoblins
  3 jackals (D:2)
  2 giant newts
  2 goblins
  5 kobolds
  6 rats
28 creatures vanquished.

Notes
Turn   | Place    | Note
--------------------------------------------------------------
     0 | D:1      | st0uf the Draconian Transmuter began the quest for the Orb.
     0 | D:1      | Reached XP level 1. HP: 16/16 MP: 3/3
   249 | D:1      | Reached XP level 2. HP: 23/23 MP: 3/5
   797 | D:3      | Reached XP level 3. HP: 21/28 MP: 4/6
   877 | D:4      | Killed from afar by an orc wizard

Vault maps used:
D:1:      lemuel_arrival_hallway
D:2:      grunt_temple_overflow_opulence
D:3:      first_bread, minmay_unequal
D:4:      corexii_item_surrounded_by_moat, nicolae_qazlal_style_of_elements

Action                   || total
-------------------------++-------
Melee: Unarmed           ||    77
 Cast: Beastly Appendage ||    19
  Use: Scroll            ||     1
